 Dungeon Crawl Stone Soup version 0.21.1-1-g345015f (webtiles) character file.

498 sankara the Bolt Thrower (level 6, -3/56 HPs)
             Began as a Minotaur Hunter on Apr 20, 2018.
             Slain by Grinder (6 damage)
             ... while paralysed by Grinder
             ... in a sewer.
             The game lasted 00:10:29 (3428 turns).

sankara the Bolt Thrower (Minotaur Hunter)          Turns: 3428, Time: 00:10:29

Health: -3/56      AC:  3    Str: 18      XL:     6   Next: 94%
Magic:  5/5        EV:  2    Int:  8      God:
Gold:   135        SH:  0    Dex:  9 (11) Spells: 5/5 levels left

rFire    . . .     SeeInvis .   b - +3 hand axe
rCold    . . .     Gourm    .   o - +0 buckler
rNeg     . . .     Faith    .   c - +0 leather armour
rPois    .         Spirit   .   (helmet restricted)
rElec    .         Reflect  .   (no cloak)
rCorr    .         Harm     .   (no gloves)
MR       .....                  (no boots)
Stlth    +.........             (no amulet)
HPRegen  0.18/turn              e - ring of wizardry {Wiz+, !d}
MPRegen  0.09/turn              (no ring)

@: paralysed
A: retaliatory headbutt, horns 2
a: no special abilities


You were in a sewer.
You were not hungry.

You visited 1 branch of the dungeon, and saw 3 of its levels.
You also visited: Sewer.

You collected 135 gold pieces.

Inventory:

Hand Weapons
 a - a +1 hand crossbow
 b - a +3 hand axe (weapon)
   (You found it on level 2 of the Dungeon)
 l - a +0 dagger of venom
   (You took it off a goblin on level 1 of the Dungeon)
 u - the +6 hunting sling of Imbalance {flame, rElec rPois Int-2 Dex+4, unknown}
   (You found it in a sewer)

   It causes projectiles fired from it to burn those they strike, causing extra
   injury to most foes and up to half again as much damage against particularly
   susceptible opponents.
   It affects your intelligence (-2).
   It affects your dexterity (+4).
   It insulates you from electricity.
   It protects you from poison.
Missiles
 d - 43 bolts
 m - 3 javelins of returning (quivered)
 p - 3 javelins
Armour
 c - a +0 leather armour (worn)
 o - a +0 buckler (worn)
   (You found it on level 2 of the Dungeon)
Jewellery
 e - a ring of wizardry (left hand) {Wiz+, !d}
   (You found it on level 1 of the Dungeon)
Scrolls
 h - 4 scrolls of teleportation {unknown}
 k - a scroll of magic mapping {unknown}
 n - 4 scrolls of immolation {unknown}
 r - a scroll of identify {unknown}
 s - a scroll of remove curse {unknown}
Potions
 i - 2 potions of heal wounds {unknown}
 j - a potion of magic {unknown}
 q - a potion of curing {unknown}
 t - 2 potions of flight {unknown}
Comestibles
 f - 7 rations


   Skills:
 - Level 5.0 Fighting
 + Level 3.3 Axes
 * Level 7.0 Crossbows
 - Level 2.3 Dodging
 - Level 1.0 Stealth
 + Level 2.1 Shields


You had 5 spell levels left.
You didn't know any spells.

Dungeon Overview and Level Annotations

Branches:
Dungeon (3/15)

Altars:
Xom

Annotations:
Sewer Grinder


Innate Abilities, Weirdness & Mutations

You reflexively headbutt those who attack you in melee.
You have a pair of horns on your head.


Message History

The quasit bites you but does no damage.
The quasit closely misses you.
The quasit claws you but does no damage.
You hit the quasit but do no damage.
The quasit is almost dead.
The quasit closely misses you.
The quasit claws you but does no damage.
The quasit closely misses you. x2
The quasit claws you but does no damage.
The quasit claws you.
You miss the quasit.
The quasit is almost dead.
The quasit closely misses you.
The quasit claws you but does no damage.
The quasit claws you.
You feel clumsy.
You closely miss the quasit. Your headbutt misses the quasit.
The quasit is severely wounded.
The quasit bites you but does no damage.
The quasit claws you but does no damage.
The quasit barely misses you.
You hit the quasit.
You kill the quasit!
Your Shields skill increases to level 2!
t - a bubbling pink potion You now have 135 gold pieces (gained 25).
You see here a jewelled hunting sling.
u - a jewelled hunting sling
t - 2 bubbling pink potions (gained 1) All of the chunks of flesh in your inventory have rotted away.
There is a gate leading back out of this place here.
There is an open gate here.
You open the gate.
Marking area around Grinder as unsafe for travelling. 2 kobolds, Grinder and a zombie come into view.
Grinder shouts!
You hit the kobold.
You kill the kobold!
Grinder gestures at you. Pain shoots through your body!
The kobold hits you but does no damage.
There is an open gate here.
Things that are here:
a stone; a kobold corpse You hit the big kobold zombie.
The big kobold zombie is lightly damaged.
You hit the kobold.
You kill the kobold!
You slash the big kobold zombie!
The big kobold zombie is moderately damaged.
The big kobold zombie barely misses you.
You furiously retaliate!
You headbutt the big kobold zombie! You slash the big kobold zombie!
Your headbutt misses the big kobold zombie.
The big kobold zombie is severely damaged.
The big kobold zombie hits you.
Found a gate leading back out of this place.
You barely miss the big kobold zombie.
The big kobold zombie is severely damaged.
You block the big kobold zombie's attack.
Your leather armour prevents you from hitting the big kobold zombie.
Your headbutt misses the big kobold zombie.
The big kobold zombie is severely damaged.
You closely miss Grinder. Grinder gestures at you.
You barely resist. The big kobold zombie hits you.
You slash the big kobold zombie!
The big kobold zombie is almost destroyed.
You barely miss Grinder. Grinder hits you but does no damage.
The big kobold zombie barely misses you.
You furiously retaliate!
You headbutt the big kobold zombie. You slash the big kobold zombie!
You destroy the big kobold zombie!
Your Crossbows skill increases to level 7!
You closely miss Grinder. Grinder gestures at you.
You suddenly lose the ability to move!
Grinder gestures at you. Pain shoots through your body!
Grinder gestures at you. Pain shoots through your body! Grinder hits you.
You writhe in agony.
Grinder hits you!
* * * LOW HITPOINT WARNING * * *
You can move again.
Unknown command.
Your shield prevents you from hitting Grinder.
Grinder closely misses you.
You barely miss Grinder. Your headbutt misses Grinder.
Grinder hits you but does no damage.
You closely miss Grinder. Grinder gestures at you.
You suddenly lose the ability to move!
Grinder hits you but does no damage. Grinder hits you.
* * * LOW HITPOINT WARNING * * *
Grinder hits you.
* * * LOW HITPOINT WARNING * * *
You writhe in agony.
You die...

#############'#############
##.)(#######
##..§..##...###
+.......'.≈...###
+.§._.§.'.≈....∩#
+.......'.≈...###
##.§.§.##...###
##...####### #'@5# #.....#
#.≈≈≈.# #.....# ##...##
#%(!# ##?## #∩#


You could see Grinder.

Vanquished Creatures
  A big kobold (Sewer)
  3 jellies (D:2)
  A quasit (Sewer)
  4 big kobold zombies (Sewer)
  5 adders
  A shadow imp (Sewer)
  2 ufetubi (Sewer)
  9 oozes
  An adder zombie (Sewer)
  6 worms
  4 dart slugs
  A leopard gecko (D:2)
  An orc (D:3)
  7 bats
  A bat zombie (Sewer)
  6 giant cockroaches
  10 goblins
  5 hobgoblins
  2 jackals (D:3)
  A quokka (D:3)
  4 ball pythons
  4 frilled lizards (D:2)
  26 kobolds
  11 rats
116 creatures vanquished.

Vanquished Creatures (others)
  A kobold zombie (Sewer)
  10 toadstools (D:2)
11 creatures vanquished.

Grand Total: 127 creatures vanquished

Notes
Turn   | Place    | Note
-------+----------+-------------------------------------------
     0 | D:1      | sankara the Minotaur Hunter began the quest for the Orb.
     0 | D:1      | Reached XP level 1. HP: 18/18 MP: 0/0
   104 | D:1      | Reached skill level 1 in Stealth
   195 | D:1      | Reached XP level 2. HP: 25/25 MP: 1/1
   492 | D:1      | Reached skill level 3 in Fighting
   868 | D:2      | Found a shimmering altar of Xom.
   899 | D:2      | Reached XP level 3. HP: 30/31 MP: 2/2
  1117 | D:2      | Reached skill level 5 in Crossbows
  1531 | D:2      | Reached XP level 4. HP: 35/40 MP: 3/3
  1659 | D:2      | Reached skill level 1 in Axes
  1843 | D:2      | Reached skill level 4 in Fighting
  1858 | D:2      | Reached XP level 5. HP: 35/46 MP: 4/4
  1861 | D:2      | Reached skill level 2 in Axes
  1861 | D:2      | Reached skill level 6 in Crossbows
  2594 | D:3      | Found a glowing drain.
  2609 | Sewer    | Entered a sewer
  2622 | Sewer    | Reached XP level 6. HP: 44/53 MP: 5/5
  2768 | Sewer    | Reached skill level 1 in Shields
  2789 | Sewer    | HP: 13/53 [kobold (2)]
  2792 | Sewer    | HP: 2/53 [big kobold zombie (5)]
  3147 | Sewer    | Found a burning altar of Makhleb.
  3167 | Sewer    | Reached skill level 5 in Fighting
  3167 | Sewer    | Reached skill level 3 in Axes
  3387 | Sewer    | Reached skill level 2 in Shields
  3396 | Sewer    | Got a jewelled hunting sling
  3410 | Sewer    | Noticed Grinder
  3419 | Sewer    | Reached skill level 7 in Crossbows
  3419 | Sewer    | Paralysed by Grinder for 4 turns
  3422 | Sewer    | HP: 9/56 [Grinder (8)]
  3425 | Sewer    | Paralysed by Grinder for 4 turns
  3427 | Sewer    | HP: 5/56 [Grinder (5)]
  3428 | Sewer    | Slain by Grinder

Skill      XL: |  1  2  3  4  5  6 |
---------------+-------------------+-----
Stealth        | 1 |  1.0
Fighting       | 3 4 5 |  5.0
Crossbows      | 5 6 7 |  7.0
Axes           | 1 2 3 |  3.3
Shields        | 2 |  2.1
Dodging        | |  2.3

Action                   |  1- 3 |  4- 6 || total
-------------------------+-------+-------++-------
Melee: Short sword       |    14 |       ||    14
       Headbutt          |    17 |    25 ||    42
       Dagger            |    48 |       ||    48
       Hand axe          |    26 |   178 ||   204
 Fire: Hand crossbow     |     3 |       ||     3
 Stab: Sleeping          |     3 |     2 ||     5
       Distracted        |       |     1 ||     1
  Eat: Chunk             |     1 |     7 ||     8
Armor: Leather armour    |    17 |    61 ||    78
Dodge: Dodged            |    54 |   135 ||   189
Block: Buckler           |       |    16 ||    16

Vault maps used:
D:1:      giann_wishing_wells, grunt_decor_cap
D:2:      cheibrodos_fertilizer, nicolae_overflow_crystal_walls, first_ration,
          kennysheep_generic_room_10
D:3:      cheibrodos_sewer_entry_bend, minivault_5
Sewer:    kennysheep_sewer_church

Table legend:
 A = Turns spent in this place as a percentage of turns spent in the entire game.
 B = Non-inter-level travel turns spent in this place as a percentage of non-inter-level travel turns spent in the entire game.
 C = Inter-level travel turns spent in this place as a percentage of turns spent in this place.
 D = Turns resting spent in this place as a percentage of non-inter-level travel turns spent in this place.
 E = Turns spent auto-exploring this place as a percentage of non-inter-level travel turns spent in this place.
 F = Non-inter-level travel turns spent in this place divided by the number of levels of this place that you've seen.
                   A       B       C       D       E      F
               +-------+-------+-------+-------+-------+----------------------
         Total | 100.0 | 100.0 |   1.7 |  33.5 |  41.4 | 842.8
       Dungeon |  76.1 |  75.7 |   2.2 |  22.5 |  51.0 | 850.7
         Sewer |  23.9 |  24.3 |   0.0 |  67.6 |  11.4 | 819.0
               +-------+-------+-------+-------+-------+----------------------

Table legend:
 A = Kills in this place as a percentage of kills in entire the game.
 B = Kills by you in this place as a percentage of kills by you in the entire game.
 C = Kills by friends in this place as a percentage of kills by friends in the entire game.
 D = Other kills in this place as a percentage of other kills in the entire game.
 E = Experience gained in this place as a percentage of experience gained in the entire game.
 F = Experience gained in this place divided by the number of levels of this place that you have seen.
                   A       B       C       D       E      F
               +-------+-------+-------+-------+-------+----------------------
         Total | 100.0 | 100.0 |   N/A |   N/A | 100.0 | 178.0
       Dungeon |  71.6 |  71.6 |   N/A |   N/A |  51.8 | 123.0
         Sewer |  28.4 |  28.4 |   N/A |   N/A |  48.2 | 343.0
               +-------+-------+-------+-------+-------+----------------------
